 Dungeon Crawl Stone Soup version 0.16-a0-3933-g06ce5c0 (webtiles) character file.

132 abixa the Shooter (level 4, -3/36 HPs)
             Began as a Centaur Hunter on Feb 5, 2015.
             Slain by a gnoll
             ... wielding a cursed +0 spear
              (8 damage)
             ... on level 2 of the Dungeon.
             The game lasted 00:06:30 (2851 turns).

abixa the Shooter (Centaur Hunter)                  Turns: 2851, Time: 00:06:30

Health: -3/36      AC:  7    Str: 15    XL:     4   Next: 92%
Magic:  3/3        EV:  9    Int: 10    God:
Gold:   123        SH:  0    Dex: 10    Spells: 0 memorised, 3 levels left

rFire  . . .     SeeInvis .     b - +1 shortbow
rCold  . . .     Clarity  .     d - +0 leather armour
rNeg   . . .     SustAb   .     (no shield)
rPois  .         Gourm    +     (no helmet)
rElec  .         Spirit   .     q - +2 cloak
rCorr  .         Warding  .     (no gloves)
rMut   .         Stasis   .     (no barding)
MR     .....                    s - amulet of the gourmand
Stlth  +.........               (no ring)
                                (no ring)

@: very quick, not resistant to hostile enchantments, very unstealthy
A: hooves 3, deformed body, speed 2, tough skin 3
a: no special abilities


You were on level 2 of the Dungeon.
You were hungry.

You visited 1 branch of the dungeon, and saw 3 of its levels.

You collected 123 gold pieces.

Inventory:

Hand weapons
 b - a +1 shortbow (weapon)
 j - a +0 spear
Missiles
 c - 20 arrows (quivered)
 e - 87 stones
 r - 8 sling bullets
Armour
 d - a +0 leather armour (worn)
 q - a +2 cloak (worn)
 t - a cursed +0 robe
Jewellery
 g - an uncursed amulet of warding
 s - an amulet of the gourmand (around neck)
Scrolls
 i - a scroll of enchant armour {unknown}
 k - a scroll of remove curse {unknown}
Potions
 a - a potion of lignification {unknown}
 h - 3 potions of heal wounds {unknown}
 l - a potion of brilliance {unknown}
 m - a potion of restore abilities {unknown}
 n - a potion of agility {unknown}
 o - a potion of flight {unknown}
 p - 2 potions of curing {unknown}
Comestibles
 f - 2 bread rations


   Skills:
 - Level 2.0 Fighting
 - Level 5.3 Bows
 - Level 1.3 Dodging
 - Level 0.5 Stealth
 + Level 4.6 Unarmed Combat


You had 3 spell levels left.
You didn't know any spells.

Dungeon Overview and Level Annotations

Branches:
Dungeon (3/15)

Altars:


Innate Abilities, Weirdness & Mutations

You have hooves in place of feet.
Armour fits poorly on your strangely shaped body.
You cover ground very quickly.
You have extremely tough skin (AC +3).


Message History

The gnoll closely misses you.
You barely miss the gnoll.
The gnoll is heavily wounded.
The gnoll hits you with a spear.
* * * LOW HITPOINT WARNING * * *
b - a +1 shortbow (weapon)
The gnoll hits you but does no damage.
Firing (i - inventory. (,) - cycle):
c - 22 arrows (quivered)
Press: ? - help, Shift-Dir - straight line, f - gnoll
Aim: a gnoll, wielding a spear (heavily wounded)
You shoot an arrow. The arrow hits the gnoll.
The gnoll is severely wounded.
The gnoll hits you but does no damage.
Firing (i - inventory. (,) - cycle):
c - 21 arrows (quivered)
Press: ? - help, Shift-Dir - straight line, f/p - gnoll
Aim: a gnoll, wielding a spear (severely wounded)
You shoot an arrow. The arrow hits the gnoll.
The gnoll is severely wounded.
The gnoll hits you with a spear!
You die...

#.# #.############## #.#
#.#.............
#.#######.#.############ ###
#.......#.#.# #
#.##########.#.#.# #
#.........##.#.#.############
#.#######.#..................
#.#######.#g.#.#.############
#..........@.............## #
#########.##.#.#.#######..# #
#............#........#.# #
#.#####.##.###..#####.#.###
#.....................#..##
#######.##.###..##....##.##
#.##............##..#
#.###########...###.#
#.##.........)......#


You could see a gnoll.

Vanquished Creatures
  A worker ant (D:3)
  2 gnolls
  4 adders (D:2)
  A worm (D:2)
  An orc (D:3)
  6 bats (D:1)
  3 giant cockroaches
  5 hobgoblins
  6 jackals (D:1)
  2 quokkas
  A giant gecko skeleton (D:3)
  A giant newt (D:2)
  3 goblins
  7 kobolds
  6 rats
49 creatures vanquished.

Notes
Turn   | Place    | Note
--------------------------------------------------------------
     0 | D:1      | abixa, the Centaur Hunter, began the quest for the Orb.
     0 | D:1      | Reached XP level 1. HP: 17/17 MP: 1/1
    28 | D:1      | Reached skill level 1 in Unarmed Combat
   142 | D:1      | Reached XP level 2. HP: 9/24 MP: 2/2
   664 | D:1      | Reached XP level 3. HP: 21/29 MP: 3/3
  1996 | D:2      | Reached XP level 4. HP: 36/36 MP: 3/3
  2851 | D:2      | Slain by a gnoll

Action                   |  1- 3 |  4- 6 || total
-------------------------+-------+-------++-------
Melee: Short sword       |    74 |       ||    74
       Unarmed           |    62 |    43 ||   105
       Spear             |    14 |       ||    14
 Fire: Shortbow          |     9 |    25 ||    34
Throw: Stone             |    15 |       ||    15
  Eat: Chunk             |     2 |     2 ||     4
